 Dungeon Crawl Stone Soup version 0.30-a0-377-g5cb311bc9f (webtiles) character file.

Game seed: 8213426662073697389

27048 scionoferis the Grappler (level 13, -8/128 HPs)
             Began as a Troll Earth Elementalist on Nov 28, 2022.
             Was an Elder of Sif Muna.
             Mangled by a sixfirhy (12 damage)
             ... in a Gauntlet.
             The game lasted 01:09:18 (14925 turns).

scionoferis the Grappler (TrEE)                    Turns: 14925, Time: 01:09:18

Health: -8/128     AC: 10    Str: 19    XL:     13   Next: 2%
Magic:  29/29      EV:  9    Int: 21    God:    Sif Muna [****..]
Gold:   777        SH:  0    Dex: 10    Spells: 6/14 levels left

rFire   . . .      SeeInvis .      - Unarmed
rCold   . . .      Faith    .    (no shield)
rNeg    . . .      Spirit   .    U - +0 acid dragon scales
rPois   +          Reflect  .    (helmet restricted)
rElec   .          Harm     .    M - +1 cloak {rPois}
rCorr   +          Rampage  .    (gloves unavailable)
Will    .....      NoTele   +    (boots unavailable)
Stlth   +.........               D - amulet of the acrobat
HPRegen 1.21/turn                g - +6 ring of intelligence
MPRegen 0.21/turn                n - ring of magical power

@: mighty
A: large, unfitting armour, claws 3, regeneration 1, shaggy fur 1, tough skin 1
a: Renounce Religion, Channel Magic, Forget Spell, Divine Exegesis


You were in a Gauntlet.
You worshipped Sif Muna.
Sif Muna was greatly pleased with you.
You visited 2 branches of the dungeon, and saw 14 of its levels.
You also visited: Gauntlet.

You collected 777 gold pieces.

Inventory:

Hand Weapons
 e - a +3 longbow
Missiles
 a - 5 large rocks (quivered)
 r - 21 poisoned darts
 w - 4 throwing nets
 A - 4 boomerangs
 W - 2 curare-tipped darts
Armour
 M - a +1 cloak of poison resistance (worn)
 U - +0 acid dragon scales (worn)
Jewellery
 g - a +6 ring of intelligence (left claw)
 n - a ring of magical power (right claw)
 D - an amulet of the acrobat (around neck)
 I - a ring of positive energy
Wands
 d - a wand of iceblast (6)
 G - a wand of quicksilver (1)
 J - a wand of paralysis (18)
Scrolls
 h - 7 scrolls of teleportation
 v - 4 scrolls of poison
 H - a scroll of magic mapping
 N - a scroll of summoning
 S - a scroll of butterflies
Potions
 b - 2 potions of magic
 c - 4 potions of brilliance {unknown}
 i - 2 potions of curing
 j - 2 potions of ambrosia {unknown}
 l - 3 potions of haste {unknown}
 o - 5 potions of flight {unknown}
 q - a potion of invisibility {unknown}
 s - 2 potions of cancellation {unknown}
 u - 3 potions of lignification {unknown}
 x - a potion of resistance {unknown}
 z - 2 potions of degeneration {unknown}
 C - a potion of berserk rage
 K - 2 potions of might
Miscellaneous
 O - a tin of tremorstones (2/2)
 P - a phial of floods (inert)


   Skills:
 + Level 8.3 Fighting
 + Level 6.4 Throwing
 + Level 2.4 Dodging
 - Level 1.0 Stealth
 + Level 13.7 Unarmed Combat
 - Level 1.2 Spellcasting
 - Level 0.6 Transmutations
 - Level 2.6 Earth Magic
 * Level 11.4 Invocations


You had 6 spell levels left.
You knew the following spells:

 Your Spells              Type           Power      Damage    Failure   Level
a - Sandblast             Erth           24%        2d8       7%          1
b - Malign Gateway        Summ/Tloc      0%         N/A       100%        7

Your spell library contained the following spells:

 Spells                   Type           Power      Damage    Failure   Level
 Passwall                 Tmut/Erth      6%         N/A       16%         2
 Foxfire                  Conj/Fire      4%         2x1d4     22%         1
 Freeze                   Ice            4%         1d3       22%         1
 Slow                     Hex            4%         N/A       22%         1
 Blink                    Tloc           2%         N/A       32%         2
 Stone Arrow              Conj/Erth      12%        3d7       36%         3
 Confusing Touch          Hex            1%         N/A       54%         3
 Frozen Ramparts          Ice            2%         1d1       54%         3
 Gell's Gravitas          Tloc           1%         N/A       54%         3
 Hailstorm                Conj/Ice       1%         3d3       54%         3
 Lesser Beckoning         Tloc           2%         N/A       54%         3
 Teleport Other           Tloc           1%         N/A       54%         3
 Vampiric Draining        Necr           1%         2d6       54%         3
 Vhi's Electric Charge    Tloc/Air       2%         N/A       54%         3
 Petrify                  Tmut/Erth      8%         N/A       71%         4
 Animate Dead             Necr           1%         N/A       91%         4
 Passage of Golubria      Tloc           1%         N/A       91%         4
 Borgnjor's Vile Clutch   Necr/Erth      3%         N/A       98%         5
 Death Channel            Necr           0%         N/A       100%        6


Dungeon Overview and Level Annotations

Branches:
Dungeon (12/15)            Temple (0/1) D:7            Lair (2/5) D:9
    Orc (0/2) D:12        Gauntlet (1/1)
  Swamp: Lair:2-3    Shoals: Lair:2-3     Snake: Lair:2-3    Spider: Lair:2-3

Altars:
Dithmenos
Elyvilon
Makhleb
Qazlal
Ru
Sif Muna
Trog
Wu Jian
Xom
Yredelemnul
Zin
The Shining One

Shops:
D:12 *

Annotations:
Gauntlet 9 transporters


Innate Abilities, Weirdness & Mutations

You are too large for most types of armour.
You have claws for hands.
Your natural rate of healing is unusually fast.
You are covered in fur. (AC +1)
You have tough skin. (AC +1)


Message History

You claw the sixfirhy!
The sixfirhy is moderately wounded.
The sixfirhy hits you!
* * * LOW HITPOINT WARNING * * *
The sixfirhy shocks you!
* * * LOW HITPOINT WARNING * * *
Unknown command.
You miss the sixfirhy.
The sixfirhy is moderately wounded.
The sixfirhy hits you but does no damage.
The sixfirhy splashes around in the water.
The sixfirhy closely misses you.
You barely miss the sixfirhy.
The sixfirhy is moderately wounded.
The sixfirhy splashes around in the water.
The sixfirhy hits you.
* * * LOW HITPOINT WARNING * * *
The sixfirhy shocks you!
* * * LOW HITPOINT WARNING * * *
The sixfirhy barely misses you.
You closely miss the sixfirhy. Your claw misses the sixfirhy.
The sixfirhy is moderately wounded.
The sixfirhy hits you but does no damage.
You closely miss the sixfirhy.
The sixfirhy is moderately wounded.
You barely miss the sixfirhy.
The sixfirhy is moderately wounded.
You closely miss the sixfirhy.
The sixfirhy is lightly wounded.
The sixfirhy is no longer waterlogged.
The sixfirhy hits you but does no damage. x2
You barely miss the sixfirhy. Your claw misses the sixfirhy.
The sixfirhy is lightly wounded.
The sixfirhy hits you but does no damage.
The sixfirhy barely misses you.
The sixfirhy hits you but does no damage.
The sixfirhy hits you.
* * * LOW HITPOINT WARNING * * *
The sixfirhy shocks you!
You die...

#########..#########..#########..
...............................∩.
.................................
#####..###########..###########..
.####..#.........#..#...#.#...#..
..#.#..#3#.....#.#..#..#...#..#..
#..##..#..##.##.=#..#.##^..##.#..
###.####..##.##..#####..#.##.?#..
##.©#©©#..#.©.#.@#©©#....©^#.©#..
.##[####..##.##53#####..#.##^[#..
.##)#..#3.##.##..#..#.##...##"#..
....#..#.#.....#.#..#..#...#..#..
.#.##..#.........#..#...#.#...#..
#####..###########..###########..
.................................
................§................
#≈#≈#≈#≈#≈#≈#≈#≈#≈#≈#§#≈#≈#§#§#≈#


You could see a sixfirhy and an ufetubus.

Vanquished Creatures
  2 boulder beetles (D:12)
  A centaur warrior (D:10)
  A tengu warrior (Gauntlet)
  3 two-headed ogres
  Nergalle (D:11)
  2 ugly things
  A cyclops (D:12)
  2 manticores
  A black mamba (Lair:1)
  Maurice (D:9)
  An unseen horror (D:12)
  A cane toad (Lair:1)
  2 kobold demonologists
  2 tengu conjurers (Gauntlet)
  7 komodo dragons
  7 trolls
  6 slime creatures
  2 shadows
  5 wraiths
  A vampire (D:6)
  A wyvern (Lair:2)
  26 yaks
  Grum (D:11)
  3 steam dragons
  A basilisk (shapeshifter) (D:12)
  2 vampire mosquitoes (D:10)
  An acid dragon (D:11)
  A water moccasin (D:7)
  2 ice beasts
  5 orc warriors
  3 sky beasts (D:7)
  15 wolves
  3 ogres
  3 phantoms (D:12)
  10 centaurs
  2 gnoll sergeants
  6 kobold brigands
  3 bullfrogs
  A necrophage (D:6)
  3 scorpions
  10 wights
  21 killer bees
  A troll zombie (D:12)
  A howler monkey (D:8)
  4 electric eels (D:9)
  A jelly (D:6)
  6 hounds
  7 orc priests
  A gnoll bouda (D:8)
  Crazy Yiuf (D:2)
  6 iguanas
  7 orc wizards
  5 ogre zombies (D:12)
  Robin (D:2)
  12 gnolls
  7 adders
  4 shadow imps
  An ufetubus (Gauntlet)
  A worm (D:3)
  2 dart slugs
  34 orcs
  12 endoplasms
  5 giant cockroaches
  12 goblins
  7 hobgoblins
  4 jackals (D:2)
  4 quokkas
  11 ball pythons
  6 bats
  4 frilled lizards
  2 goblin skeletons (D:12)
  A goblin zombie (D:12)
  A hobgoblin zombie (D:12)
  15 kobolds
  15 orc zombies (D:12)
  6 rats
379 creatures vanquished.

Vanquished Creatures (collateral kills)
  A hydra (D:9)
1 creature vanquished.

Vanquished Creatures (others)
  An eldritch tentacle (D:9)
  A hornet (D:9)
  A kobold (D:7)
  A fungus (Lair:1)
  10 plants
14 creatures vanquished.

Grand Total: 394 creatures vanquished

Notes
Turn   | Place    | Note
-------+----------+-------------------------------------------
     0 | D:1      | scionoferis the Troll Earth Elementalist began the quest
                  | for the Orb.
     0 | D:1      | Reached XP level 1. HP: 16/16 MP: 1/1
   126 | D:1      | Reached skill level 1 in Unarmed Combat
   212 | D:1      | Reached XP level 2. HP: 26/26 MP: 2/2
   738 | D:1      | Reached skill level 1 in Fighting
   738 | D:1      | Reached skill level 2 in Unarmed Combat
  1020 | D:2      | Reached XP level 3. HP: 32/33 MP: 3/3
  1195 | D:2      | Found a runed translucent door.
  1196 | D:2      | Noticed Crazy Yiuf
  1427 | D:2      | Noticed Robin
  1447 | D:2      | Killed Robin
  1686 | D:2      | Reached XP level 4. HP: 39/41 MP: 4/4
  1697 | D:2      | Found a faded altar of an unknown god.
  1746 | D:2      | Reached skill level 3 in Unarmed Combat
  2093 | D:2      | Killed Crazy Yiuf
  2282 | D:3      | Reached XP level 5. HP: 49/49 MP: 5/5
  2825 | D:4      | Noticed an ogre
  2841 | D:4      | Killed an ogre
  2842 | D:4      | Reached skill level 4 in Unarmed Combat
  2996 | D:4      | Reached XP level 6. HP: 47/59 MP: 6/6
  3059 | D:4      | Reached skill level 5 in Unarmed Combat
  3484 | D:5      | Entered Level 5 of the Dungeon
  3617 | D:5      | Reached skill level 1 in Throwing
  3740 | D:5      | Reached XP level 7. HP: 63/67 MP: 7/7
  3805 | D:5      | Reached skill level 6 in Unarmed Combat
  3843 | D:5      | Found a bloodstained altar of Trog.
  4434 | D:6      | Noticed a vampire
  4766 | D:6      | Found a shimmering blue altar of Sif Muna.
  4770 | D:6      | Became a worshipper of Sif Muna the Loreminder
  4957 | D:7      | Reached skill level 1 in Invocations
  5000 | D:7      | Reached XP level 8. HP: 40/78 MP: 8/8
  5077 | D:7      | Reached skill level 7 in Unarmed Combat
  5336 | D:7      | Found a staircase to the Ecumenical Temple.
  5395 | D:7      | Found a basalt altar of Yredelemnul.
  5405 | D:7      | Found a glowing golden altar of the Shining One.
  5407 | D:7      | Noticed an angel
  5434 | D:7      | Noticed a profane servitor
  6002 | D:8      | Reached skill level 8 in Unarmed Combat
  6022 | D:8      | Reached XP level 9. HP: 85/85 MP: 10/10
  6024 | D:8      | Reached * piety under Sif Muna
  6705 | D:8      | Reached skill level 5 in Fighting
  6800 | D:8      | Reached skill level 5 in Invocations
  6908 | D:9      | Reached skill level 9 in Unarmed Combat
  6909 | D:9      | Noticed Maurice
  6911 | D:9      | Noticed a troll
  6919 | D:9      | Reached ** piety under Sif Muna
  6934 | D:8      | HP: 1/88 [wolf (9)]
  7335 | D:9      | Noticed a kobold demonologist
  7353 | D:9      | Noticed a smoke demon
  7354 | D:9      | Noticed a hellwing
  7354 | D:9      | Killed a kobold demonologist
  7355 | D:9      | Reached XP level 10. HP: 96/96 MP: 13/13
  7482 | D:9      | Paralysed by Maurice for 5 turns
  7489 | D:9      | Killed Maurice
  7490 | D:9      | Reached skill level 5 in Throwing
  7527 | D:9      | Noticed a two-headed ogre
  7840 | D:9      | Found a staircase to the Lair.
  7842 | D:9      | Noticed a manticore
  7856 | D:9      | Killed a manticore
  7911 | D:9      | Reached skill level 10 in Unarmed Combat
  7958 | D:9      | Found a burning altar of Makhleb.
  8040 | D:9      | Noticed a five-headed hydra
  8049 | D:9      | Killed a two-headed ogre
  8159 | D:9      | Reached *** piety under Sif Muna
  8544 | D:10     | Entered Level 10 of the Dungeon
  8594 | D:10     | Noticed a centaur warrior
  8600 | D:10     | Killed a centaur warrior
  8887 | D:10     | Reached XP level 11. HP: 58/105 MP: 15/15
  8976 | D:10     | Found a sacrificial altar of Ru.
  9103 | D:10     | Noticed a two-headed ogre
  9126 | D:10     | Killed a two-headed ogre
  9127 | D:10     | Reached skill level 11 in Unarmed Combat
 10195 | D:11     | Reached **** piety under Sif Muna
 10196 | D:11     | Reached skill level 12 in Unarmed Combat
 10265 | D:11     | Noticed Nergalle
 10359 | D:11     | Noticed a two-headed ogre
 10434 | D:11     | Noticed a spectral orc warlord
 10443 | D:11     | Killed Nergalle
 10632 | D:11     | Killed a two-headed ogre
 10672 | D:11     | Noticed Grum
 10705 | D:11     | Killed Grum
 11030 | D:12     | Found Xocloloh's General Store.
 11182 | D:12     | Found a staircase to the Orcish Mines.
 11189 | D:12     | Reached XP level 12. HP: 118/118 MP: 18/18
 11501 | D:12     | Reached skill level 10 in Invocations
 11783 | D:12     | Noticed a boulder beetle
 11865 | D:12     | Killed a boulder beetle
 11926 | D:12     | Reached skill level 13 in Unarmed Combat
 11963 | D:12     | Reached ***** piety under Sif Muna
 11963 | D:12     | Received a gift from Sif Muna
 12082 | D:12     | Got Sif Muna's Octavo of Orientation and Battling {god
                  | gift}
 12148 | D:12     | Noticed a boulder beetle
 12160 | D:12     | Killed a boulder beetle
 12789 | D:6      | Found a glowing silver altar of Zin.
 12797 | D:6      | Found a stormy altar of Qazlal.
 12802 | D:6      | Found a shimmering altar of Xom.
 12809 | D:6      | Found a white marble altar of Elyvilon.
 12814 | D:6      | Found an ornate altar of the Wu Jian Council.
 12821 | D:6      | Found a shadowy altar of Dithmenos.
 12831 | D:6      | Learned a level 7 spell: Malign Gateway
 12968 | D:9      | Killed a six-headed hydra
 13005 | Lair:1   | Entered Level 1 of the Lair of Beasts
 14396 | Lair:2   | Found a gate leading to a gauntlet.
 14416 | Gauntlet | Entered a Gauntlet
 14416 | Gauntlet | Noticed a tengu warrior
 14416 | Gauntlet | Found a transporter.
 14416 | Gauntlet | Found a transporter.
 14416 | Gauntlet | Found a transporter.
 14417 | Gauntlet | Found a transporter.
 14418 | Gauntlet | Found a transporter.
 14421 | Gauntlet | Found a transporter.
 14429 | Gauntlet | Found a transporter.
 14429 | Gauntlet | Found a transporter.
 14430 | Gauntlet | Found a transporter.
 14434 | Gauntlet | Found a transporter.
 14444 | Gauntlet | Found a transporter.
 14447 | Gauntlet | Found a transporter.
 14548 | Gauntlet | Found the +4 skin of Zhor {*Englaciate rC+++ SInv}
 14821 | Gauntlet | Killed a tengu warrior
 14826 | Gauntlet | Reached XP level 13. HP: 127/127 MP: 20/20
 14902 | Gauntlet | HP: 3/128 [sixfirhy (12)]
 14920 | Gauntlet | HP: 4/128 [sixfirhy (11)]
 14925 | Gauntlet | HP: 4/128 [sixfirhy (5)]
 14925 | Gauntlet | Mangled by a sixfirhy

Illustrated notes

Levels and vault maps discovered:
D:1:      lightli_arrival_statuegarden, layout_basic
D:2:      layout_loops_corners, shapermc_ecumenical_altar_ellora, uniq_robin,
          uniq_crazy_yiuf_cottage
D:3:      layout_loops_ring, minivault_24
D:4:      layout_loops_ring
D:5:      layout_rooms, trog_book
D:6:      layout_basic, grunt_temple_overflow_octagram, grunt_decor_clamped,
          nicolae_fountain_basement
D:7:      layout_rooms, grunt_temple_overflow_holy_war,
          minmay_temple_entry_statues_pillars
D:8:      layout_gridville
D:9:      minmay_clustersquares, layout_basic, general_overflow_altar,
          erik_lair_island, uniq_maurice
D:10:     layout_roguey, lemuel_coloured_pillars_altar, kennysheep_island_fort
D:11:     layout_small_grid, uniq_grum, uniq_nergalle
D:12:     layout_gridville, zombieorc1_lemuel, serial_shops, shop
Lair:1:   layout_loops_ring
Lair:2:   nzn_winding_woodlands_three_and_one [nzn_winding_woodlands_5x15_twine,
          nzn_winding_woodlands_5x15_garden,
          nzn_winding_woodlands_5x15_pathside_ponds,
          nzn_winding_woodlands_center_diamonds], layout_chaotic_city,
          gauntlet_entry_generic, minivault_23, chequers_serial_rivers_micro_a,
          nicolae_lair_grove_arrangements, beast_lair_carwin_1,
          serial_bayou_shore_b
Gauntlet: minmay_gauntlet_mixed_big_or_small [gammafunk_gauntlet_arena_mazey,
          minmay_gauntlet_arena_77_mess, nicolae_gauntlet_arena_blocks,
          minmay_gauntlet_arena_77_p_blocks, gammafunk_gauntlet_arena_chambers,
          minmay_gauntlet_arena_77_fan, gauntlet_exit_hidden_loot]

Skill      XL: |  1  2  3  4  5  6  7  8  9 10 11 12 |
---------------+-------------------------------------+-----
Unarmed Combat | 1 2 3 4 5 6 8 9 10 12 13 | 13.7
Fighting       | 1 2 3 4 5 6 7 8 |  8.3
Throwing       | 1 2 3 4 6 |  6.4
Invocations    | 1 3 5 7 9 11 | 11.4
Dodging        | 2 |  2.4
Stealth        | |  1.0
Spellcasting   | |  1.2
Transmutations | |  0.6
Earth Magic    | |  2.6

Action                   |  1- 3 |  4- 6 |  7- 9 | 10-12 | 13-15 || total
-------------------------+-------+-------+-------+-------+-------++-------
Melee: Unarmed           |   107 |   134 |   349 |   681 |    32 ||  1303
       Punch             |     1 |     2 |     8 |    45 |       ||    56
Throw: Dart              |       |    13 |    24 |    38 |       ||    75
       Boomerang         |       |     1 |    31 |    35 |       ||    67
       Stone             |       |       |     7 |    23 |       ||    30
       Large rock        |       |       |       |     3 |       ||     3
 Cast: Sandblast         |       |     1 |       |       |       ||     1
       Malign Gateway    |       |       |       |     1 |       ||     1
Invok: Divine Exegesis   |       |       |       |     1 |       ||     1
Evoke: Wand              |       |       |     4 |     8 |       ||    12
       Tin of tremorston |       |       |       |     1 |       ||     1
       Phial of floods   |       |       |       |       |     1 ||     1
  Use: Scroll            |       |     5 |     1 |    12 |     2 ||    20
       Potion            |       |     1 |     4 |     2 |     3 ||    10
 Stab: Sleeping          |     5 |     3 |       |       |       ||     8
       Paralysed         |       |       |       |     2 |       ||     2
Armor: Robe              |    36 |    41 |    45 |       |       ||   122
       Steam dragon scal |       |       |    58 |   104 |       ||   162
       Acid dragon scale |       |       |       |   106 |    26 ||   132
Dodge: Dodged            |    35 |    48 |   189 |   303 |    24 ||   599

Table legend: (Time is in decaauts)
 A = Elapsed time spent in this place.
 B = Non-inter-level travel time spent in this place.
 C = Inter-level travel time spent in this place.
 D = Time resting spent in this place.
 E = Time spent auto-exploring this place.
 F = Levels seen in this place.
 G = Mean time per level.
                   A        B        C        D        E       F      G
               +--------+--------+--------+--------+--------+-----+--------+
         Total |  14781 |  13724 |   1057 |   1404 |   7874 |  15 |  985.4 |
       Dungeon |  13264 |  12261 |   1003 |   1322 |   7025 |  12 | 1105.3 |
          Lair |   1010 |    956 |     54 |     27 |    722 |   2 |  505.0 |
      Gauntlet |    506 |    506 |      0 |     55 |    127 |   1 |  506.0 |
               +--------+--------+--------+--------+--------+-----+--------+

Top non-repeatable levels by time:
     D:9: 1617 daAuts
     D:8: 1471 daAuts
    D:12: 1321 daAuts
     D:6: 1255 daAuts
    D:10: 1233 daAuts
    D:11: 1209 daAuts
     D:2: 1132 daAuts
     D:7: 1015 daAuts
     D:1: 976 daAuts
  Lair:1: 947 daAuts
     D:4: 765 daAuts
     D:3: 660 daAuts
     D:5: 605 daAuts
Gauntlet: 506 daAuts
  Lair:2: 63 daAuts
